Panthers vs Canadiens

Created - March-18-13 at 17:40

Goals
1 2 3 T
Panthers 1 1 0 2
Canadiens 2 1 2 5
Shots
1 2 3 T
Panthers 2 8 3 13
Canadiens 12 6 12 30

1st period

1. Panthers , Antoine Vermette 13 (Sheldon Souray, David Jones) at 3:04
2. Canadiens , Brad Richards 12 (Kevin Klein) at 18:23
3. Canadiens , Dustin Byfuglien 4 (Jonathan Toews, Andy McDonald) at 18:43

Penalties :
Kyle Quincey (FLA) for Hooking (Minor) at 8:39

2nd period

4. Canadiens , Dustin Byfuglien 5 (Pavel Datsyuk, Marc-Edouard Vlasic) at 9:47 (PP)
5. Panthers , Pierre-Alexandr Parenteau 18 (Niklas Kronwall) at 16:18

Penalties :
Brooks Orpik (FLA) for Roughing (Minor) at 8:36, Dennis Wideman (MTL) for Tripping (Minor) at 12:15

3rd period

6. Canadiens , Travis Hamonic 7 (Dennis Wideman, Pavel Datsyuk) at 12:02
7. Canadiens , Dennis Wideman 8 (Blake Wheeler, Pavel Datsyuk) at 14:59 (PP)

Penalties :
Dustin Byfuglien (MTL) for Interference (Minor) at 5:34, Kyle Quincey (FLA) for Holding (Minor) at 14:22, Brooks Orpik (FLA) for Roughing (Minor) at 15:08

Goalie Stats

Semyon Varlamov (FLA), 25 saves from 30 shots - (0.833), L, 17-20-1, 60:00 minutes
Cam Ward (MTL), 11 saves from 13 shots - (0.846), W, 34-19-4, 60:00 minutes

Players Stats for Panthers

Player Name              G  A  P  +/- PIM S  H  SB GA TA FO     MP     PP MP  PK MP  
------------------------------------------------------------------------------------
Ales Hemsky              0  0  0  -1  0   2  0  0  0  0  2/2    16:42   1:53   0:00 
Antoine Vermette         1  0  1   0  0   2  0  1  0  0  8/16   14:32   0:00   2:21 
Brooks Orpik             0  0  0  -1  4   0  3  2  0  0  0/0    19:09   0:03   1:24 
Carl Hagelin             0  0  0   0  0   0  2  0  0  0  0/0    18:54   2:05   0:00 
Colin Greening           0  0  0   0  0   0  2  0  0  0  0/0     6:27   0:00   0:00 
Dainius Zubrus           0  0  0  -1  0   1  4  0  0  0  12/26  20:19   2:05   3:25 
David Booth              0  0  0   0  0   1  1  0  0  0  0/1     6:50   0:23   0:00 
David Jones              0  1  1   0  0   0  0  0  0  0  1/2    12:11   0:00   0:00 
Drew Stafford            0  0  0  -1  0   0  0  0  0  0  0/0    16:42   1:53   0:00 
John-Michael Liles       0  0  0   0  0   0  1  0  0  0  0/0    14:20   1:53   0:00 
Kyle Quincey             0  0  0   0  4   0  5  0  0  0  0/0    23:12   1:53   1:16 
Luca Sbisa               0  0  0   0  0   0  0  2  0  0  0/0    18:33   0:00   2:37 
Niklas Kronwall          0  1  1  -1  0   2  1  3  0  0  0/0    23:22   2:05   3:33 
Pierre-Alexandr Parentea 1  0  1   0  0   1  0  0  0  0  0/2    18:54   2:05   0:00 
Sam Gagner               0  0  0   0  0   1  0  1  0  0  9/20   18:19   1:30   0:00 
Sheldon Souray           0  1  1   0  0   1  1  1  0  0  0/0    21:20   2:02   2:42 
Tom Pyatt                0  0  0   0  0   2  0  0  0  0  1/7     9:52   0:00   3:25 
Viktor Stalberg          0  0  0   0  0   0  0  1  0  0  2/3    14:32   0:00   2:21 

Players Stats for Canadiens

Player Name              G  A  P  +/- PIM S  H  SB GA TA FO     MP     PP MP  PK MP  
------------------------------------------------------------------------------------
Alec Martinez            0  0  0   0  0   0  1  0  0  0  0/0     7:13   0:00   0:14 
Andrei Kostitsyn         0  0  0   1  0   1  2  0  0  0  0/0    15:20   0:00   0:00 
Andy McDonald            0  1  1   0  0   3  1  0  0  0  1/4    17:46   2:41   0:00 
Blake Wheeler            0  1  1   0  0   1  3  0  0  0  0/0    19:01   3:05   0:36 
Boyd Gordon              0  0  0   0  0   0  0  0  0  0  3/4     5:28   0:00   0:57 
Brad Richards            1  0  1   1  0   3  0  0  0  0  9/16   15:20   0:00   0:00 
Dennis Wideman           1  1  2   1  2   4  2  1  0  0  0/0    19:53   3:00   0:00 
Derek Morris             0  0  0   0  0   0  2  1  0  0  0/0    14:58   0:00   2:05 
Dustin Byfuglien         2  0  2   0  2   3  6  3  0  0  0/0    17:28   2:46   0:00 
John Mitchell            0  0  0   0  0   0  2  0  0  0  1/1     4:31   0:00   0:00 
Jonathan Toews           0  1  1   0  0   4  2  0  0  0  11/25  20:47   2:41   3:01 
Jordan Eberle            0  0  0   0  0   2  2  0  0  0  0/0    17:46   2:41   0:00 
Kevin Klein              0  1  1   0  0   1  1  1  0  0  0/0    14:58   0:00   2:05 
Logan Couture            0  0  0   0  0   1  1  0  0  0  1/4    19:22   3:05   0:57 
Marc-Edouard Vlasic      0  1  1   0  0   1  1  0  0  0  0/0    24:54   2:46   1:39 
Mason Raymond            0  0  0   1  0   0  0  1  0  0  0/0    15:20   0:00   0:00 
Pavel Datsyuk            0  3  3   0  0   4  1  0  0  0  18/25  25:21   3:05   2:25 
Travis Hamonic           1  0  1   1  0   2  3  1  0  0  0/0    20:34   3:00   1:53 

3 Stars

1 - Dustin Byfuglien (MTL)
2 - Travis Hamonic (MTL)
3 - Dennis Wideman (MTL)

Power Play

Panthers - 0 on 2 Attempt(s) - 0.00%
Canadiens - 2 on 4 Attempt(s) - 50.00%

Penalty Kill

Panthers - 2 on 4 Attempt(s) - 50.00% - Score 0 goal in Penalty Kill
Canadiens - 2 on 2 Attempt(s) - 100.00% - Score 0 goal in Penalty Kill

Official

Referees : Frederick L'Ecuyer and Brad Watson
Linesman : Brian Mach and Derek Nansen

Game Notes

No Game Note

Finance

Level 1 -- Attendance: 5819 (89.52%) -- Ticket Income $581,900
Level 2 -- Attendance: 5000 (100.00%) -- Ticket Income $300,000
Level 3 -- Attendance: 3244 (92.69%) -- Ticket Income $113,540
Level 4 -- Attendance: 3359 (63.70%) -- Ticket Income $50,385
Luxury Box -- Attendance: 920 (92.00%) -- Ticket Income $161,000
Game was played at the Bell Centre
Total Attendance: 18342 (86.22%)
Total Ticket Income: $1,206,825
Other Income: $181,024
Total Income: $1,387,849


% Time on Ice - Panthers

Lines # - Real PCT - Wanted PCT - Time Play
Normal Forward
1 - 33% - 32% - 16:49
2 - 29% - 30% - 14:49
3 - 24% - 25% - 12:11
4 - 13% - 13% - 6:27
Normal Defense
1 - 35% - 34% - 17:44
2 - 33% - 33% - 16:36
3 - 25% - 24% - 12:27
4 - 7% - 9% - 3:29
PP Forward
1 - 53% - 55% - 2:05
2 - 47% - 45% - 1:53
PP Defense
1 - 53% - 60% - 2:05
2 - 47% - 40% - 1:53
PK Forward
1 - 59% - 50% - 3:25
2 - 41% - 50% - 2:21
PK Defense
1 - 57% - 60% - 3:18
2 - 43% - 40% - 2:28
PK3 Forward
1 - 0% - 50%
2 - 0% - 50%
PK3 Defense
1 - 0% - 60%
2 - 0% - 40%
44 Forward
1 - 0% - 50%
2 - 0% - 50%
44 Defense
1 - 0% - 60%
2 - 0% - 40%
Last Minute Offensive  - 0:00
Last Minute Defensive  - 0:00
Total
Forward - 60:00
Defense - 60:00

% Time on Ice - Canadiens

Lines # - Real PCT - Wanted PCT - Time Play
Normal Forward
1 - 31% - 30% - 15:20
2 - 30% - 30% - 15:05
3 - 31% - 30% - 15:20
4 - 9% - 10% - 4:31
Normal Defense
1 - 31% - 30% - 15:41
2 - 29% - 30% - 14:43
3 - 26% - 25% - 12:53
4 - 14% - 15% - 6:59
PP Forward
1 - 53% - 50% - 3:05
2 - 47% - 50% - 2:41
PP Defense
1 - 52% - 50% - 3:00
2 - 48% - 50% - 2:46
PK Forward
1 - 76% - 60% - 3:01
2 - 24% - 40% - 0:57
PK Defense
1 - 47% - 60% - 1:53
2 - 53% - 40% - 2:05
PK3 Forward
1 - 0% - 60%
2 - 0% - 40%
PK3 Defense
1 - 0% - 60%
2 - 0% - 40%
44 Forward
1 - 0% - 60%
2 - 0% - 40%
44 Defense
1 - 0% - 60%
2 - 0% - 40%
Last Minute Offensive  - 0:00
Last Minute Defensive  - 0:00
Total
Forward - 60:00
Defense - 60:00

Play by Play

1st period


0:01 of 1st period - Pavel Datsyuk wins face-off versus Sam Gagner in neutral zone.
0:10 of 1st period - Shot by Blake Wheeler.
0:10 of 1st period - Shot Misses the Net.
0:12 of 1st period - Shot by Blake Wheeler.
0:12 of 1st period - Stopped by Semyon Varlamov without a rebound.
0:13 of 1st period - Dainius Zubrus wins face-off versus Andy McDonald in Panthers zone.
0:47 of 1st period - Ales Hemsky is hit by Dustin Byfuglien.
0:52 of 1st period - Off-side.
0:53 of 1st period - Brad Richards wins face-off versus Antoine Vermette in neutral zone.
1:20 of 1st period - Shot by Andrei Kostitsyn.
1:20 of 1st period - Stopped by Semyon Varlamov without a rebound.
1:21 of 1st period - Pavel Datsyuk wins face-off versus Sam Gagner in Panthers zone.
1:26 of 1st period - Shot by Blake Wheeler.
1:26 of 1st period - Shot Misses the Net.
2:46 of 1st period - Off-side.
2:47 of 1st period - Antoine Vermette wins face-off versus Jonathan Toews in neutral zone.
3:04 of 1st period - Shot by Antoine Vermette.
3:04 of 1st period - Goal by Antoine Vermette - Panthers : 1 - Canadiens : 0.
3:05 of 1st period - Boyd Gordon wins face-off versus Dainius Zubrus in neutral zone.
3:14 of 1st period - Shot by Pavel Datsyuk.
3:14 of 1st period - Shot Misses the Net.
3:28 of 1st period - Shot by Drew Stafford.
3:28 of 1st period - Shot Misses the Net.
3:40 of 1st period - Icing by Pavel Datsyuk.
3:41 of 1st period - Boyd Gordon wins face-off versus Antoine Vermette in Canadiens zone.
3:50 of 1st period - Sheldon Souray is hit by John Mitchell and loses puck.
4:12 of 1st period - Jonathan Toews is hit by Sheldon Souray and loses puck.
4:37 of 1st period - Shot by Andy McDonald.
4:37 of 1st period - Stopped by Semyon Varlamov with a rebound.
4:39 of 1st period - Shot by Jonathan Toews.
4:39 of 1st period - Shot Blocked by Sheldon Souray.
4:46 of 1st period - Jordan Eberle is hit by Kyle Quincey and loses puck.
5:57 of 1st period - Icing by Alec Martinez.
5:58 of 1st period - Pavel Datsyuk wins face-off versus Dainius Zubrus in Canadiens zone.
5:58 of 1st period - Pavel Datsyuk is hit by Dainius Zubrus.
7:05 of 1st period - Drew Stafford is hit by Andy McDonald and loses puck.
7:12 of 1st period - Shot by Jonathan Toews.
7:12 of 1st period - Stopped by Semyon Varlamov without a rebound.
7:13 of 1st period - Brad Richards wins face-off versus Tom Pyatt in Panthers zone.
7:39 of 1st period - Andrei Kostitsyn is hit by Colin Greening and loses puck.
7:47 of 1st period - Off-side.
7:48 of 1st period - Sam Gagner wins face-off versus Jonathan Toews in neutral zone.
7:51 of 1st period - Dustin Byfuglien is hit by Carl Hagelin and loses puck.
7:57 of 1st period - Icing by Dustin Byfuglien.
7:58 of 1st period - Andy McDonald wins face-off versus Antoine Vermette in Canadiens zone.
8:07 of 1st period - Antoine Vermette is hit by Jonathan Toews and loses puck.
8:33 of 1st period - David Jones is hit by Jordan Eberle and loses puck.
8:39 of 1st period - Minor Penalty to Kyle Quincey for Hooking.
8:40 of 1st period - Pavel Datsyuk wins face-off versus Dainius Zubrus in Panthers zone.
8:51 of 1st period - Shot by Dennis Wideman.
8:51 of 1st period - Shot Blocked by Niklas Kronwall.
8:53 of 1st period - Shot by Pavel Datsyuk.
8:53 of 1st period - Shot Misses the Net.
8:55 of 1st period - Shot by Travis Hamonic.
8:55 of 1st period - Stopped by Semyon Varlamov with a rebound.
9:13 of 1st period - Shot by Dennis Wideman.
9:13 of 1st period - Stopped by Semyon Varlamov without a rebound.
9:14 of 1st period - Dainius Zubrus wins face-off versus Andy McDonald in Panthers zone.
9:28 of 1st period - Shot by Jordan Eberle.
9:28 of 1st period - Stopped by Semyon Varlamov with a rebound.
9:30 of 1st period - Shot by Marc-Edouard Vlasic.
9:30 of 1st period - Stopped by Semyon Varlamov with a rebound.
9:54 of 1st period - Shot by Dustin Byfuglien.
9:54 of 1st period - Shot Misses the Net.
10:27 of 1st period - Icing by Logan Couture.
10:28 of 1st period - Pavel Datsyuk wins face-off versus Dainius Zubrus in Canadiens zone.
11:30 of 1st period - Kyle Quincey is hit by Dustin Byfuglien and loses puck.
11:46 of 1st period - Shot by Jonathan Toews.
11:46 of 1st period - Stopped by Semyon Varlamov without a rebound.
11:47 of 1st period - Pavel Datsyuk wins face-off versus Dainius Zubrus in Panthers zone.
11:50 of 1st period - Shot by Pavel Datsyuk.
11:50 of 1st period - Stopped by Semyon Varlamov without a rebound.
11:51 of 1st period - Ales Hemsky wins face-off versus Pavel Datsyuk in Panthers zone.
11:55 of 1st period - Icing by Brooks Orpik.
11:56 of 1st period - Dainius Zubrus wins face-off versus Pavel Datsyuk in Panthers zone.
12:19 of 1st period - Shot by Ales Hemsky.
12:19 of 1st period - Shot Misses the Net.
13:20 of 1st period - Shot by David Booth.
13:20 of 1st period - Shot Misses the Net.
14:45 of 1st period - Antoine Vermette is hit by Marc-Edouard Vlasic and loses puck.
15:32 of 1st period - Shot by Dainius Zubrus.
15:32 of 1st period - Shot Misses the Net.
15:37 of 1st period - Andy McDonald is hit by Dainius Zubrus and loses puck.
16:36 of 1st period - Pavel Datsyuk is hit by Brooks Orpik and loses puck.
17:59 of 1st period - Shot by Viktor Stalberg.
17:59 of 1st period - Shot Misses the Net.
18:01 of 1st period - Shot by Sheldon Souray.
18:01 of 1st period - Stopped by Cam Ward without a rebound.
18:02 of 1st period - Dainius Zubrus wins face-off versus Brad Richards in Canadiens zone.
18:23 of 1st period - Shot by Brad Richards.
18:23 of 1st period - The goal is going for a video replay.
18:23 of 1st period - The goal is good.
18:23 of 1st period - Goal by Brad Richards - Panthers : 1 - Canadiens : 1.
18:24 of 1st period - David Jones wins face-off versus Jonathan Toews in neutral zone.
18:24 of 1st period - Niklas Kronwall is hit by Jordan Eberle and loses puck.
18:43 of 1st period - Shot by Dustin Byfuglien.
18:43 of 1st period - Goal by Dustin Byfuglien - Panthers : 1 - Canadiens : 2.
18:44 of 1st period - Dainius Zubrus wins face-off versus Brad Richards in neutral zone.
18:59 of 1st period - Off-side.
19:00 of 1st period - Antoine Vermette wins face-off versus Pavel Datsyuk in neutral zone.
19:07 of 1st period - Shot by Viktor Stalberg.
19:07 of 1st period - Shot Hit the Post.
19:39 of 1st period - Shot by Antoine Vermette.
19:39 of 1st period - Shot Misses the Net.

2nd period


0:01 of 2nd period - Pavel Datsyuk wins face-off versus Sam Gagner in neutral zone.
0:18 of 2nd period - Dennis Wideman is hit by Carl Hagelin and loses puck.
1:13 of 2nd period - Icing by Derek Morris.
1:14 of 2nd period - Jonathan Toews wins face-off versus Dainius Zubrus in Canadiens zone.
1:14 of 2nd period - Jonathan Toews is hit by Dainius Zubrus.
1:21 of 2nd period - Jordan Eberle is hit by Brooks Orpik and loses puck.
1:28 of 2nd period - Shot by Ales Hemsky.
1:28 of 2nd period - Stopped by Cam Ward without a rebound.
1:29 of 2nd period - Brad Richards wins face-off versus Tom Pyatt in Canadiens zone.
1:29 of 2nd period - Brad Richards is hit by Colin Greening.
1:39 of 2nd period - Colin Greening is hit by Andrei Kostitsyn and loses puck.
1:58 of 2nd period - Shot by David Booth.
1:58 of 2nd period - Stopped by Cam Ward without a rebound.
1:59 of 2nd period - Dainius Zubrus wins face-off versus Logan Couture in Canadiens zone.
2:00 of 2nd period - Shot by Ales Hemsky.
2:00 of 2nd period - Stopped by Cam Ward without a rebound.
2:01 of 2nd period - Pavel Datsyuk wins face-off versus Dainius Zubrus in Canadiens zone.
2:09 of 2nd period - Icing by Logan Couture.
2:10 of 2nd period - Pavel Datsyuk wins face-off versus Dainius Zubrus in Canadiens zone.
2:10 of 2nd period - Logan Couture is hit by Dainius Zubrus and loses puck.
2:21 of 2nd period - Shot by Blake Wheeler.
2:21 of 2nd period - Shot Misses the Net.
2:23 of 2nd period - Shot by Travis Hamonic.
2:23 of 2nd period - Shot Misses the Net.
2:36 of 2nd period - Logan Couture is hit by Niklas Kronwall and loses puck.
3:36 of 2nd period - David Jones is hit by Jonathan Toews.
3:43 of 2nd period - David Jones is hit by Alec Martinez and loses puck.
5:02 of 2nd period - Pierre-Alexandr Parenteau is hit by Pavel Datsyuk and loses puck.
6:13 of 2nd period - Shot by Jonathan Toews.
6:13 of 2nd period - Shot Blocked by Brooks Orpik.
6:15 of 2nd period - Shot by Jonathan Toews.
6:15 of 2nd period - Stopped by Semyon Varlamov without a rebound.
6:16 of 2nd period - Pavel Datsyuk wins face-off versus Dainius Zubrus in Panthers zone.
6:46 of 2nd period - Shot by Ales Hemsky.
6:46 of 2nd period - Shot Hit the Post.
6:48 of 2nd period - Shot by Dainius Zubrus.
6:48 of 2nd period - Shot Misses the Net.
6:50 of 2nd period - Shot by Dainius Zubrus.
6:50 of 2nd period - Stopped by Cam Ward without a rebound.
6:51 of 2nd period - Sam Gagner wins face-off versus Brad Richards in Canadiens zone.
6:51 of 2nd period - Sam Gagner is hit by Travis Hamonic.
7:03 of 2nd period - Shot by Sam Gagner.
7:03 of 2nd period - Shot Blocked by Mason Raymond.
7:05 of 2nd period - Shot by Brooks Orpik.
7:05 of 2nd period - Shot Blocked by Travis Hamonic.
7:15 of 2nd period - Shot by Sam Gagner.
7:15 of 2nd period - Stopped by Cam Ward without a rebound.
7:16 of 2nd period - Antoine Vermette wins face-off versus Jonathan Toews in Canadiens zone.
7:30 of 2nd period - Shot by Andy McDonald.
7:30 of 2nd period - Deflect By Jonathan Toews.
7:30 of 2nd period - Shot Blocked by Antoine Vermette.
7:36 of 2nd period - Shot by Jordan Eberle.
7:36 of 2nd period - Shot Misses the Net.
7:38 of 2nd period - Shot by Jonathan Toews.
7:38 of 2nd period - Shot Misses the Net.
7:40 of 2nd period - Shot by Kevin Klein.
7:40 of 2nd period - Stopped by Semyon Varlamov without a rebound.
7:41 of 2nd period - Sam Gagner wins face-off versus Brad Richards in Panthers zone.
7:57 of 2nd period - Icing by Pierre-Alexandr Parenteau.
7:58 of 2nd period - Sam Gagner wins face-off versus Pavel Datsyuk in Panthers zone.
7:58 of 2nd period - Sam Gagner is hit by Blake Wheeler.
8:36 of 2nd period - Minor Penalty to Brooks Orpik for Roughing.
8:37 of 2nd period - Viktor Stalberg wins face-off versus Jonathan Toews in Panthers zone.
9:03 of 2nd period - Icing by Andy McDonald.
9:04 of 2nd period - Antoine Vermette wins face-off versus Jonathan Toews in Canadiens zone.
9:07 of 2nd period - Shot by Antoine Vermette.
9:07 of 2nd period - Shot Blocked by Dennis Wideman.
9:09 of 2nd period - Shot by Antoine Vermette.
9:09 of 2nd period - Stopped by Cam Ward without a rebound.
9:10 of 2nd period - Antoine Vermette wins face-off versus Pavel Datsyuk in Canadiens zone.
9:35 of 2nd period - Shot by Blake Wheeler.
9:35 of 2nd period - Shot Blocked by Niklas Kronwall.
9:37 of 2nd period - Shot by Marc-Edouard Vlasic.
9:37 of 2nd period - Shot Misses the Net.
9:47 of 2nd period - Shot by Dustin Byfuglien.
9:47 of 2nd period - Goal by Dustin Byfuglien - Panthers : 1 - Canadiens : 3.
9:48 of 2nd period - Brad Richards wins face-off versus Sam Gagner in neutral zone.
10:01 of 2nd period - Shot by Andrei Kostitsyn.
10:01 of 2nd period - Shot Blocked by Sam Gagner.
10:19 of 2nd period - Shot by Brad Richards.
10:19 of 2nd period - Shot Misses the Net.
10:21 of 2nd period - Shot by Dennis Wideman.
10:21 of 2nd period - Stopped by Semyon Varlamov without a rebound.
10:22 of 2nd period - Ales Hemsky wins face-off versus Jonathan Toews in Panthers zone.
10:39 of 2nd period - Shot by Jonathan Toews.
10:39 of 2nd period - Shot Blocked by Luca Sbisa.
10:43 of 2nd period - Shot by Jonathan Toews.
10:43 of 2nd period - Shot Blocked by Luca Sbisa.
11:30 of 2nd period - Shot by Pavel Datsyuk.
11:30 of 2nd period - Deflect By Logan Couture.
11:30 of 2nd period - Stopped by Semyon Varlamov without a rebound.
11:31 of 2nd period - Sam Gagner wins face-off versus Brad Richards in Panthers zone.
11:31 of 2nd period - Sam Gagner is hit by Travis Hamonic.
11:43 of 2nd period - Shot by Pierre-Alexandr Parenteau.
11:43 of 2nd period - Shot Misses the Net.
12:12 of 2nd period - Sam Gagner is hit by Dennis Wideman.
12:15 of 2nd period - Minor Penalty to Dennis Wideman for Tripping.
12:16 of 2nd period - Sam Gagner wins face-off versus Jonathan Toews in Canadiens zone.
12:16 of 2nd period - John-Michael Liles is hit by Derek Morris and loses puck.
13:11 of 2nd period - Shot by Niklas Kronwall.
13:11 of 2nd period - Shot Misses the Net.
13:23 of 2nd period - Shot by Sheldon Souray.
13:23 of 2nd period - Shot Blocked by Derek Morris.
13:25 of 2nd period - Shot by Niklas Kronwall.
13:25 of 2nd period - Stopped by Cam Ward without a rebound.
13:26 of 2nd period - Jonathan Toews wins face-off versus David Booth in Canadiens zone.
13:48 of 2nd period - Off-side.
13:49 of 2nd period - Jonathan Toews wins face-off versus Dainius Zubrus in neutral zone.
14:14 of 2nd period - Pierre-Alexandr Parenteau is hit by Logan Couture and loses puck.
14:23 of 2nd period - Shot by Brad Richards.
14:23 of 2nd period - Stopped by Semyon Varlamov without a rebound.
14:24 of 2nd period - Brad Richards wins face-off versus Antoine Vermette in Panthers zone.
14:27 of 2nd period - Shot by Andrei Kostitsyn.
14:27 of 2nd period - Shot Blocked by Viktor Stalberg.
14:37 of 2nd period - Shot by Antoine Vermette.
14:37 of 2nd period - Shot Misses the Net.
15:24 of 2nd period - Icing by Sheldon Souray.
15:25 of 2nd period - Pavel Datsyuk wins face-off versus Dainius Zubrus in Panthers zone.
16:04 of 2nd period - Shot by Ales Hemsky.
16:04 of 2nd period - Shot Blocked by Dustin Byfuglien.
16:16 of 2nd period - Shot by Pierre-Alexandr Parenteau.
16:16 of 2nd period - Shot Blocked by Dustin Byfuglien.
16:18 of 2nd period - Shot by Pierre-Alexandr Parenteau.
16:18 of 2nd period - Goal by Pierre-Alexandr Parenteau - Panthers : 2 - Canadiens : 3.
16:19 of 2nd period - Jonathan Toews wins face-off versus Tom Pyatt in neutral zone.
16:19 of 2nd period - Dennis Wideman is hit by David Booth and loses puck.
16:27 of 2nd period - David Booth is hit by Dennis Wideman and loses puck.
16:33 of 2nd period - Icing by Jonathan Toews.
16:34 of 2nd period - Jonathan Toews wins face-off versus Pierre-Alexandr Parenteau in Canadiens zone.
17:28 of 2nd period - Icing by Dennis Wideman.
17:29 of 2nd period - Dainius Zubrus wins face-off versus Jonathan Toews in Canadiens zone.
17:53 of 2nd period - Icing by Dainius Zubrus.
17:54 of 2nd period - Dainius Zubrus wins face-off versus Pavel Datsyuk in Panthers zone.
18:25 of 2nd period - Icing by Dainius Zubrus.
18:26 of 2nd period - Dainius Zubrus wins face-off versus Brad Richards in Panthers zone.
19:31 of 2nd period - Niklas Kronwall is hit by Blake Wheeler and loses puck.
19:48 of 2nd period - Shot by Pavel Datsyuk.
19:48 of 2nd period - Shot Misses the Net.

3rd period


0:01 of 3rd period - Sam Gagner wins face-off versus Andy McDonald in neutral zone.
1:16 of 3rd period - Icing by Dennis Wideman.
1:17 of 3rd period - Pavel Datsyuk wins face-off versus David Jones in Canadiens zone.
1:23 of 3rd period - Icing by Travis Hamonic.
1:24 of 3rd period - Pavel Datsyuk wins face-off versus Dainius Zubrus in Canadiens zone.
2:28 of 3rd period - Shot by Jonathan Toews.
2:28 of 3rd period - Shot Blocked by Brooks Orpik.
2:50 of 3rd period - Icing by Viktor Stalberg.
2:51 of 3rd period - Antoine Vermette wins face-off versus Brad Richards in Panthers zone.
2:51 of 3rd period - Antoine Vermette is hit by Andrei Kostitsyn.
2:54 of 3rd period - Icing by Viktor Stalberg.
2:55 of 3rd period - Brad Richards wins face-off versus Viktor Stalberg in Panthers zone.
2:58 of 3rd period - Shot by Brad Richards.
2:58 of 3rd period - Stopped by Semyon Varlamov without a rebound.
2:59 of 3rd period - Brad Richards wins face-off versus Sam Gagner in Panthers zone.
3:39 of 3rd period - Brad Richards is hit by Kyle Quincey and loses puck.
4:06 of 3rd period - Shot by Andy McDonald.
4:06 of 3rd period - Stopped by Semyon Varlamov without a rebound.
4:07 of 3rd period - Tom Pyatt wins face-off versus Boyd Gordon in Panthers zone.
4:07 of 3rd period - Tom Pyatt is hit by John Mitchell.
4:18 of 3rd period - Niklas Kronwall is hit by Dustin Byfuglien and loses puck.
4:28 of 3rd period - Icing by Pavel Datsyuk.
4:29 of 3rd period - Pavel Datsyuk wins face-off versus Antoine Vermette in Canadiens zone.
4:53 of 3rd period - Icing by Marc-Edouard Vlasic.
4:54 of 3rd period - John Mitchell wins face-off versus Tom Pyatt in Canadiens zone.
5:08 of 3rd period - Sheldon Souray is hit by Dustin Byfuglien and loses puck.
5:32 of 3rd period - David Booth is hit by Dustin Byfuglien and loses puck.
5:34 of 3rd period - Minor Penalty to Dustin Byfuglien for Interference.
5:35 of 3rd period - Dainius Zubrus wins face-off versus Jonathan Toews in Canadiens zone.
5:38 of 3rd period - Shot by Niklas Kronwall.
5:38 of 3rd period - Deflect By Pierre-Alexandr Parenteau.
5:38 of 3rd period - Shot Blocked by Kevin Klein.
6:02 of 3rd period - Dainius Zubrus is hit by Travis Hamonic and loses puck.
6:20 of 3rd period - Icing by Dainius Zubrus.
6:21 of 3rd period - Dainius Zubrus wins face-off versus Jonathan Toews in Panthers zone.
6:26 of 3rd period - Shot by Jonathan Toews.
6:26 of 3rd period - Shot Blocked by Niklas Kronwall.
6:41 of 3rd period - Off-side.
6:42 of 3rd period - Boyd Gordon wins face-off versus Sam Gagner in neutral zone.
6:45 of 3rd period - John-Michael Liles is hit by Derek Morris and loses puck.
7:12 of 3rd period - Shot by Jonathan Toews.
7:12 of 3rd period - Shot Misses the Net.
7:14 of 3rd period - Shot by Kevin Klein.
7:14 of 3rd period - Shot Misses the Net.
8:02 of 3rd period - Shot by David Jones.
8:02 of 3rd period - Shot Misses the Net.
8:04 of 3rd period - Shot by Niklas Kronwall.
8:04 of 3rd period - Stopped by Cam Ward without a rebound.
8:05 of 3rd period - Jonathan Toews wins face-off versus Tom Pyatt in Canadiens zone.
9:10 of 3rd period - Shot by Andrei Kostitsyn.
9:10 of 3rd period - Shot Misses the Net.
9:17 of 3rd period - Icing by Brooks Orpik.
9:18 of 3rd period - Pavel Datsyuk wins face-off versus Sam Gagner in Panthers zone.
10:12 of 3rd period - Icing by Luca Sbisa.
10:13 of 3rd period - Brad Richards wins face-off versus Dainius Zubrus in Panthers zone.
10:26 of 3rd period - Shot by Dainius Zubrus.
10:26 of 3rd period - Deflect By Drew Stafford.
10:26 of 3rd period - Shot Blocked by Dustin Byfuglien.
10:35 of 3rd period - Ales Hemsky is hit by Dustin Byfuglien and loses puck.
11:35 of 3rd period - Shot by Andy McDonald.
11:35 of 3rd period - Stopped by Semyon Varlamov without a rebound.
11:36 of 3rd period - Logan Couture wins face-off versus Sam Gagner in Panthers zone.
11:58 of 3rd period - Shot by Pavel Datsyuk.
11:58 of 3rd period - Shot Misses the Net.
12:00 of 3rd period - Shot by Dennis Wideman.
12:00 of 3rd period - Stopped by Semyon Varlamov with a rebound.
12:02 of 3rd period - Shot by Travis Hamonic.
12:02 of 3rd period - Goal by Travis Hamonic - Panthers : 2 - Canadiens : 4.
12:03 of 3rd period - Jonathan Toews wins face-off versus Tom Pyatt in neutral zone.
12:06 of 3rd period - Shot by Jordan Eberle.
12:06 of 3rd period - Shot Misses the Net.
12:26 of 3rd period - Shot by Tom Pyatt.
12:26 of 3rd period - Stopped by Cam Ward without a rebound.
12:27 of 3rd period - Pavel Datsyuk wins face-off versus Dainius Zubrus in Canadiens zone.
12:46 of 3rd period - Shot by Pavel Datsyuk.
12:46 of 3rd period - Stopped by Semyon Varlamov without a rebound.
12:47 of 3rd period - Sam Gagner wins face-off versus Jonathan Toews in Panthers zone.
13:01 of 3rd period - Off-side.
13:02 of 3rd period - Pavel Datsyuk wins face-off versus Antoine Vermette in neutral zone.
13:32 of 3rd period - Pavel Datsyuk is hit by John-Michael Liles and loses puck.
13:43 of 3rd period - Shot by Pavel Datsyuk.
13:43 of 3rd period - Stopped by Semyon Varlamov with a rebound.
13:54 of 3rd period - Icing by Luca Sbisa.
13:55 of 3rd period - Jonathan Toews wins face-off versus Antoine Vermette in Panthers zone.
14:08 of 3rd period - Shot by Jordan Eberle.
14:08 of 3rd period - Stopped by Semyon Varlamov without a rebound.
14:09 of 3rd period - Brad Richards wins face-off versus Pierre-Alexandr Parenteau in Panthers zone.
14:09 of 3rd period - Andrei Kostitsyn is hit by Kyle Quincey and loses puck.
14:13 of 3rd period - Icing by Kyle Quincey.
14:14 of 3rd period - Jonathan Toews wins face-off versus Sam Gagner in Panthers zone.
14:14 of 3rd period - Andy McDonald is hit by Kyle Quincey and loses puck.
14:22 of 3rd period - Minor Penalty to Kyle Quincey for Holding.
14:23 of 3rd period - Dainius Zubrus wins face-off versus Jonathan Toews in Panthers zone.
14:38 of 3rd period - Shot by Dustin Byfuglien.
14:38 of 3rd period - Stopped by Semyon Varlamov with a rebound.
14:40 of 3rd period - Shot by Jonathan Toews.
14:40 of 3rd period - Stopped by Semyon Varlamov without a rebound.
14:41 of 3rd period - Antoine Vermette wins face-off versus Logan Couture in Panthers zone.
14:41 of 3rd period - Antoine Vermette is hit by Blake Wheeler.
14:59 of 3rd period - Shot by Dennis Wideman.
14:59 of 3rd period - Goal by Dennis Wideman - Panthers : 2 - Canadiens : 5.
15:00 of 3rd period - Jonathan Toews wins face-off versus Sam Gagner in neutral zone.
15:08 of 3rd period - Minor Penalty to Brooks Orpik for Roughing.
15:09 of 3rd period - Antoine Vermette wins face-off versus Jonathan Toews in Panthers zone.
16:04 of 3rd period - Shot by Tom Pyatt.
16:04 of 3rd period - Stopped by Cam Ward without a rebound.
16:05 of 3rd period - Pavel Datsyuk wins face-off versus Antoine Vermette in Canadiens zone.
17:32 of 3rd period - Sam Gagner is hit by Kevin Klein and loses puck.
18:09 of 3rd period - Shot by Jordan Eberle.
18:09 of 3rd period - Shot Misses the Net.
18:24 of 3rd period - Jordan Eberle is hit by Kyle Quincey.
18:53 of 3rd period - Shot by Pavel Datsyuk.
18:53 of 3rd period - Stopped by Semyon Varlamov without a rebound.
18:54 of 3rd period - Viktor Stalberg wins face-off versus Logan Couture in Panthers zone.
18:58 of 3rd period - Off-side.
18:59 of 3rd period - Sam Gagner wins face-off versus Pavel Datsyuk in neutral zone.
19:46 of 3rd period - Icing by Niklas Kronwall.
19:47 of 3rd period - Jonathan Toews wins face-off versus Sam Gagner in Panthers zone.
19:47 of 3rd period - Andy McDonald is hit by Brooks Orpik and loses puck.


Output by the SimonT Hockey Simulator (STHS) for Stephane Roy -- Original Page W3C XHTML 1.0 Valid
Hockey Simulator - Hockey Simulation - Hockey Manager